AoeStats
← gatoandaluz

Arabia

508271319Analyzed
1v1 RM · 11d ago on Sep 21, 2026· 58m 42s· 2 players
Game mode
Random Map
Map size
Tiny (2 player)
Population
200
Speed
Normal
Resources
Standard
Victory
Conquest
Starting age
Dark Age
Ending age
Imperial Age
RankedLock teamsTeams togetherTeam positionsShared explorationLock speedFull tech treeHidden civsTurbo modeCheats
Victory
Defeat
🇨🇱 Slavs · Chile
371
+12
🇪🇸 Goths · Spain
286
-12
gatoandaluz
11:52 Feudal Age
19:01 Double-Bit Axe
22:38 Wheelbarrow
21:53 Town Watch
25:58 Loom
31:40 Castle Age
32:45 Scale Barding Armor
33:51 Chain Barding Armor
34:53 Forging
37:44 Hand Cart
41:30 Crossbowman
41:36 Elite Skirmisher
45:06 Imperial Age
46:00 Anarchy
46:57 Fletching
47:07 Padded Archer Armor
47:44 Iron Casting
47:10 Scale Mail Armor
49:41 Cavalier
Gerundio
6:42 Loom
14:24 Feudal Age
15:05 Horse Collar
15:13 Double-Bit Axe
16:43 Wheelbarrow
18:41 Stone Mining
21:59 Forging
21:43 Gold Mining
21:58 Scale Mail Armor
22:08 Town Watch
23:21 Bloodlines
23:23 Scale Barding Armor
27:22 Castle Age
26:35 Man-at-Arms
32:19 Imperial Age
29:50 Murder Holes
30:36 Iron Casting
29:41 Pikeman
30:22 Squires
29:49 Pikeman
29:50 Long Swordsman
31:14 Gold Shaft Mining
31:27 Heavy Plow
31:47 Guard Tower
33:06 Hand Cart
33:04 Two-Handed Swordsman
34:07 Husbandry
34:30 Masonry
35:04 Crop Rotation
34:47 Bow Saw
40:42 Blast Furnace
40:00 Chain Mail Armor
44:02 Halberdier
44:08 Champion
46:05 Two-Man Saw
45:07 Cavalier
46:56 Town Patrol
49:11 Plate Mail Armor
49:03 Chain Barding Armor
52:24 Plate Barding Armor
52:55 Chemistry
52:17 Ballistics
52:09 Fortified Wall
52:07 Siege Engineers
51:37 Capped Ram
56:42 Hoardings
56:14 Druzhina
56:35 Conscription
Connection lost

Rejoining the realm…

Still unreachable

The connection could not be restored.

Session expired

The server has moved on; the page needs a fresh start.